 Dungeon Crawl Stone Soup version 0.29.1-12-g30fa7ad0bf (webtiles) character file.

Game seed: 12488228715311976379

627 suipiss the Magician (level 7, 0/52 HPs)
             Began as a Demonspawn Transmuter on Jan 15, 2023.
             Succumbed to a gnoll sergeant's poison
             ... on level 5 of the Dungeon.
             The game lasted 00:09:13 (4627 turns).

suipiss the Magician (Demonspawn Transmuter)        Turns: 4627, Time: 00:09:13

Health: 0/52       AC: 10    Str: 11    XL:     7   Next: 23%
Magic:  12/13      EV: 16    Int: 16    God:
Gold:   242        SH:  5    Dex: 13    Spells: 9/14 levels left

rFire   . . .      SeeInvis .     - Unarmed
rCold   . . .      Faith    .   (no shield)
rNeg    . . .      Spirit   .   a - +1 robe
rPois   .          Reflect  +   j - +0 helmet
rElec   .          Harm     .   (no cloak)
rCorr   .          Rampage  .   (no gloves)
Will    .....                   (no boots)
Stlth   +.........              k - amulet of reflection
HPRegen 0.17/turn               g - +4 ring of evasion
MPRegen 0.13/turn               e - +4 ring of protection

@: lethally poisoned (0 -> -8), about to teleport, wereblooded, invisible
A: slimy green scales 1, foul stench 1, demonic magic 1
a: no special abilities


You were on level 5 of the Dungeon.
You visited 1 branch of the dungeon, and saw 5 of its levels.

You collected 242 gold pieces.

Inventory:

Armour
 a - a +1 robe (worn)
 j - a +0 helmet (worn)
Jewellery
 e - a +4 ring of protection (right hand)
 g - a +4 ring of evasion (left hand)
 k - an amulet of reflection (around neck)
Wands
 b - a wand of polymorph (8)
 l - a wand of mindburst (7)
 m - a wand of flame (19)
 n - a wand of paralysis (11)
Scrolls
 h - 4 scrolls of vulnerability
 o - a scroll of teleportation
Potions
 d - a potion of resistance
 f - a potion of berserk rage {unknown}
 i - a potion of flight
 q - a potion of cancellation {unknown}


   Skills:
 + Level 3.0 Fighting
 + Level 2.9 Dodging
 + Level 3.6 Unarmed Combat
 * Level 4.1 Spellcasting
 * Level 4.0 Transmutations
 * Level 1.8 Ice Magic


You had 9 spell levels left.
You knew the following spells:

 Your Spells              Type           Power      Damage    Failure   Level
a - Beastly Appendage     Tmut           32%        N/A       3%          1
b - Wereblood             Tmut           16%        N/A       4%          2
c - Blink                 Tloc           6%         N/A       26%         2

Your spell library contained the following spells:

 Spells                   Type           Power      Damage    Failure   Level
 Spider Form              Tmut/Pois      9%         N/A       22%         3
 Ignite Poison            Fire/Tmut/Pois 7%         N/A       28%         3
 Call Canine Familiar     Summ           3%         N/A       45%         3
 Lesser Beckoning         Tloc           3%         N/A       45%         3
 Mephitic Cloud           Conj/Pois/Air  3%         N/A       45%         3
 Portal Projectile        Hex/Tloc       6%         N/A       45%         3
 Ice Form                 Ice/Tmut       12%        N/A       45%         4
 Leda's Liquefaction      Hex/Erth       1%         N/A       86%         4
 Freezing Cloud           Conj/Ice/Air   2%         6-21      98%         5
 Manifold Assault         Tloc           3%         N/A       99%         5


Dungeon Overview and Level Annotations

Branches:
Dungeon (5/15)
 Temple: D:4-7

Altars:

Shops:
D:2 =   D:4 (


Innate Abilities, Weirdness & Mutations

You are partially covered in slimy green scales. (AC +2)
You may rarely emit foul miasma when damaged in melee.
Spells you cast may paralyse adjacent enemies.


Message History

The gnoll shouts!
You claw the gnoll sergeant, but do no damage.
You headbutt the gnoll sergeant.
The gnoll sergeant is lightly wounded.
The gnoll sergeant is no longer paralysed.
The gnoll sergeant hits you with a +3 spear of venom!
You hit the gnoll sergeant but do no damage.
You claw the gnoll sergeant, but do no damage.
The gnoll sergeant is lightly wounded.
A gnoll comes into view. It is wielding a +1 spear of venom.
The gnoll sergeant misses you.
You hit the gnoll sergeant but do no damage.
Your kick misses the gnoll sergeant. The gnoll completely misses you.
The gnoll sergeant hits you with a +3 spear of venom!
You are poisoned.
You hit the gnoll sergeant but do no damage.
You headbutt the gnoll sergeant, but do no damage.
You feel very sick. You block the gnoll's attack.
The gnoll sergeant hits you with a +3 spear of venom!
You are lethally poisoned!
You fade into invisibility!
* * * LOW HITPOINT WARNING * * *
You feel very sick. The gnoll sergeant barely misses you.
* * * LOW HITPOINT WARNING * * *
You feel very sick.
You hit the gnoll but do no damage.
* * * LOW HITPOINT WARNING * * *
You feel very sick. The gnoll misses you.
Your horns disappear.
Your talons disappear.
Your +0 helmet unmelds from your body.
* * * LOW HITPOINT WARNING * * *
You feel very sick.
* * * LOW HITPOINT WARNING * * *
You feel sick.
As you read the scroll of teleportation, it crumbles to dust.
You feel strangely unstable.
You die...

...#...).............#.........
..................####.....###
...................##.......#
...............##.......##..#
.###.....†.##...............# .
## ##.<..........##......#.....
#.............###.....#.....
#..............g............
#............@gg.g.....##...
##...(..###..##g.......# #
##.....# #####<#........
###.### #..#......... ###
#........#.#.# ###...##.#.#...
##### ##.# #.


You could see a gnoll sergeant (unable to see you) and 4 gnolls.

Vanquished Creatures
  2 ogres
  4 hounds
  2 jellies (D:5)
  4 orc wizards
  Robin (D:2)
  5 adders
  3 gnolls (D:4)
  An ufetubus (D:4)
  A worm (D:2)
  A dart slug (D:1)
  10 orcs
  8 bats
  3 endoplasms
  3 giant cockroaches
  17 goblins
  5 hobgoblins
  3 jackals (D:1)
  2 kobolds
  3 quokkas
  8 ball pythons
  3 frilled lizards (D:1)
  4 rats
93 creatures vanquished.

Vanquished Creatures (others)
  6 fungi (D:1)
6 creatures vanquished.

Grand Total: 99 creatures vanquished

Notes
Turn   | Place    | Note
-------+----------+-------------------------------------------
     0 | D:1      | suipiss the Demonspawn Transmuter began the quest for the
                  | Orb.
     0 | D:1      | Reached XP level 1. HP: 15/15 MP: 3/3
    90 | D:1      | Gained mutation: You may rarely emit foul miasma when
                  | damaged in melee. [demonic ancestry]
    90 | D:1      | Reached XP level 2. HP: 13/21 MP: 5/5
   460 | D:1      | Learned a level 2 spell: Wereblood
  1183 | D:2      | Noticed Robin
  1192 | D:2      | Gained mutation: Spells you cast may paralyse adjacent
                  | enemies. [demonic ancestry]
  1192 | D:2      | Reached XP level 3. HP: 11/26 MP: 2/6
  1205 | D:2      | Killed Robin
  1275 | D:2      | Learned a level 2 spell: Blink
  1327 | D:2      | Found a faded altar of an unknown god.
  1354 | D:2      | Reached XP level 4. HP: 33/33 MP: 8/8
  1880 | D:2      | Found Teguwkus's Jewellery Shop.
  2037 | D:3      | Reached XP level 5. HP: 20/38 MP: 6/9
  3125 | D:4      | Found Qoneosekk's Antique Weapon Emporium.
  3305 | D:4      | Noticed an ogre
  3313 | D:4      | Killed an ogre
  3526 | D:4      | Reached XP level 6. HP: 30/46 MP: 8/11
  4180 | D:5      | Entered Level 5 of the Dungeon
  4207 | D:5      | Reached skill level 1 in Ice Magic
  4289 | D:5      | Gained mutation: You are partially covered in slimy green
                  | scales. (AC +2) [demonic ancestry]
  4289 | D:5      | Reached XP level 7. HP: 51/51 MP: 9/12
  4626 | D:5      | HP: 2/52 [poisoned by a gnoll sergeant]
  4627 | D:5      | Succumbed to a gnoll sergeant's poison

Illustrated notes

Levels and vault maps discovered:
D:1:      scummos_arrival_checkerplants, layout_basic
D:2:      layout_basic, ebering_ecumenical_altar_hall, serial_shops,
          nicolae_shop_competitors_out_of_business,
          nicolae_kite_square_tiling_tiny, uniq_robin
D:3:      layout_basic, minmay_misc_feat_roman, dk_noncrumbling_3
D:4:      layout_loops_ring, serial_shops,
          nicolae_shop_temple_entry_statues_fountains
D:5:      layout_cave_pools, gup_sewer_entry_glass

Skill      XL: |  1  2  3  4  5  6  7 |
---------------+----------------------+-----
Transmutations | 2 3 4 |  4.0
Dodging        | 2 |  2.9
Unarmed Combat | 3 |  3.6
Fighting       | 2 3 |  3.0
Spellcasting   | 3 4 |  4.1
Ice Magic      | 1 |  1.8

Action                   |  1- 3 |  4- 6 |  7- 9 || total
-------------------------+-------+-------+-------++-------
Melee: Unarmed           |    82 |   157 |    40 ||   279
       Kick              |     9 |    29 |    12 ||    50
       Headbutt          |     5 |    18 |     9 ||    32
       Punch             |     2 |     7 |       ||     9
 Cast: Beastly Appendage |    10 |    19 |     6 ||    35
       Wereblood         |     1 |     8 |     1 ||    10
Evoke: Wand              |       |     1 |       ||     1
  Use: Potion            |     1 |     2 |     1 ||     4
       Scroll            |       |    10 |     3 ||    13
 Stab: Paralysed         |       |     8 |     2 ||    10
       Sleeping          |       |     1 |       ||     1
Armor: Robe              |    14 |    23 |     4 ||    41
       Skin              |    28 |     1 |       ||    29
Dodge: Dodged            |    46 |   105 |    33 ||   184
Block: Other             |     1 |    37 |     5 ||    43
